Map: Blackpink LE

Players

hinO

  • Race: Zerg Zerg
  • Spawn Location: 7:00

Cyan - Winner!

  • Race: Protoss Protoss
  • Spawn Location: 1:00

Event: WCS Leipzig 2018

VOD

Have the link to the VOD?

Description

Time

  • Played on: Jan. 26, 2018, 7:07 a.m.
  • Length: 9:17

All games in this series

Show
View Real Time Build Order
Export as new Build Order

hinO Zerg 

Build Orders: Hatch First, Lurkers 

Get SALT Encoding   

  12  0:00  Drone  
  13  0:08  Drone  
  14  0:18  Overlord  
  14  0:23  Drone, Extractor  
  15  0:36  Drone x2  
  17  0:52  Drone  
  17  0:55  Extractor  
  17  1:00  Hatchery  
  17  1:01  Drone  
  17  1:15  Spawning Pool  
  16  1:21  Drone  
  16  1:22  Drone  
  18  1:27  Drone  
  19  1:38  Overlord  
  19  1:48  Drone  
  20  2:00  Drone  
  21  2:02  Metabolic Boost, Queen  
  23  2:09  Zergling x2  
  23  2:13  Drone  
  25  2:18  Queen  
  25  2:21  Drone  
  28  2:24  Drone  
  29  2:31  Drone  
  29  2:34  Drone  
  31  2:41  Zergling x2  
  32  2:45  Zergling x2  
  32  2:53  Hatchery  
  31  2:58  Zergling x2  
  31  2:59  Zergling x2  
  33  3:06  Overlord  
  33  3:07  Zergling x2  
  33  3:12  Drone x2  
  35  3:29  Zergling x4  
  35  3:30  Zergling x2  
  35  3:32  Drone x3  
  35  3:33  Drone x2  
  42  3:40  Overlord  
  42  3:43  Overlord  
  42  3:54  Overlord  
  41  4:00  Drone x2  
  41  4:01  Overlord  
  43  4:03  Drone  
  43  4:05  Drone  
  43  4:06  Drone, Lair  
  46  4:10  Zergling x6  
  46  4:13  Drone x2  
  51  4:17  Spore Crawler  
  51  4:19  Spore Crawler  
  51  4:21  Drone  
  51  4:22  Drone  
  51  4:25  Drone  
  51  4:27  Drone x2  
  52  4:32  Drone  
  52  4:33  Drone  
  52  4:34  Drone  
  52  4:38  Drone  
  51  4:43  Extractor  
  51  4:45  Spore Crawler  
  49  4:46  Drone x3  
  49  4:50  Drone  
  53  4:52  Drone  
  53  4:53  Drone  
  53  4:55  Drone x2  
  53  4:59  Drone  
  58  5:00  Drone  
  58  5:02  Overlord  
  58  5:12  Zergling x8  
  62  5:20  Zergling x8  
  65  5:24  Overlord  
  65  5:25  Zergling x4  
  65  5:27  Zergling x2  
  68  5:29  Zergling x2  
  68  5:34  Zergling x2, Hydralisk Den  
  69  5:37  Zergling x2  
  69  5:41  Zergling x2  
  69  5:42  Queen  
  71  5:50  Zergling x4  
  71  5:52  Drone  
  71  5:54  Zergling x6  
  74  6:02  Zergling x8  
  74  6:03  Zergling x2  
  74  6:08  Muscular Augments  
  74  6:09  Drone  
  74  6:10  Drone  
  74  6:11  Drone, Lurker Den  
  76  6:12  Extractor  
  76  6:13  Extractor  
  73  6:20  Zergling x4  
  73  6:21  Zergling x2  
  73  6:22  Zergling x4  
  69  6:27  Queen  
  69  6:28  Hydralisk  
  69  6:32  Baneling Nest, Hydralisk  
  74  6:35  Hydralisk  
  74  6:37  Hydralisk  
  76  6:42  Hydralisk x3  
  76  6:43  Zergling x2  
  77  6:48  Hydralisk  
  67  6:56  Zergling x10  
  67  6:57  Queen  
  67  6:59  Zergling x2  
  72  7:03  Zergling x2  
  69  7:09  Zergling x8  
  69  7:12  Zergling x4  
  67  7:21  Zergling x4  
  68  7:32  Zergling x6  
  71  7:38  Lurker x2  
  71  7:40  Zergling x4  
  75  7:44  Lurker  
  75  7:47  Baneling  
  75  7:48  Zergling x2  
  75  7:49  Zergling x2  
  78  7:54  Zergling x2  
  78  7:55  Zergling x4  
  76  8:05  Lurker  
  76  8:07  Baneling x2  
  76  8:09  Zergling x6  
Show
View Real Time Build Order
Export as new Build Order

Cyan Protoss - Winner!

Build Orders: 1 Gate Expand, Oracle Opening, Phoenix Opening, Chargelot Immortal 

Get SALT Encoding   

  12  0:00  Probe  
  13  0:12  Probe  
  14  0:18  Pylon  
  14  0:25  Probe (Chrono Boost)  
  15  0:37  Probe (Chrono Boost)  
  15  0:39  Gateway  
  16  0:45  Probe (Chrono Boost)  
  16  0:48  Assimilator  
  17  0:51  Probe  
  18  1:03  Probe  
  19  1:15  Probe  
  20  1:26  Nexus  
  20  1:37  Cybernetics Core  
  20  1:39  Probe  
  21  1:46  Assimilator  
  21  1:51  Probe  
  22  1:54  Pylon  
  22  2:03  Probe  
  23  2:11  Adept (Chrono Boost)  
  25  2:16  Probe  
  25  2:20  Stargate  
  26  2:27  Warp Gate  
  26  2:28  Probe  
  27  2:30  Adept (Chrono Boost)  
  29  2:38  Probe  
  29  2:40  Probe  
  31  2:48  Adept (Chrono Boost)  
  31  2:50  Probe  
  34  2:53  Probe  
  35  3:02  Probe, Pylon  
  35  3:03  Phoenix (Chrono Boost)  
  38  3:08  Probe  
  39  3:14  Probe  
  39  3:16  Adept  
  42  3:22  Gateway  
  42  3:23  Probe  
  43  3:31  Probe  
  44  3:36  Oracle (Chrono Boost)  
  44  3:37  Probe, Gateway  
  48  3:44  Probe  
  49  3:49  Pylon  
  49  3:51  Assimilator  
  49  3:53  Assimilator  
  49  3:55  Probe  
  48  3:58  Probe  
  49  4:03  Oracle (Chrono Boost)  
  49  4:07  Probe  
  53  4:11  Probe  
  52  4:17  Twilight Council  
  52  4:19  Probe  
  52  4:23  Probe  
  54  4:31  Adept x3, Probe  
  58  4:35  Probe  
  62  4:41  Pylon  
  62  4:48  Resonating Glaives (Chrono Boost)  
  62  4:50  Pylon  
  62  4:54  Pylon  
  62  4:59  Probe x2  
  64  5:02  Adept  
  64  5:03  Adept x2  
  70  5:12  Nexus  
  70  5:23  Adept x2  
  70  5:24  Adept  
  70  5:27  Probe  
  78  5:28  Probe  
  78  5:29  Pylon  
  78  5:39  Probe  
  78  5:40  Probe  
  80  5:47  Adept x3  
  86  5:51  Probe  
  86  5:52  Probe  
  86  5:55  Robotics Facility  
  88  6:03  Probe  
  89  6:07  Probe  
  89  6:10  Gateway  
  90  6:11  Sentry x2  
  94  6:18  Gateway  
  94  6:19  Gateway  
  94  6:20  Pylon  
  94  6:23  Probe, Gateway  
  94  6:25  Probe  
  94  6:30  Gateway  
  94  6:32  Sentry  
  96  6:34  Probe  
  96  6:36  Probe  
  96  6:37  Probe  
  96  6:38  Pylon  
  99  6:46  Probe  
  94  6:56  Immortal (Chrono Boost)  
  94  6:57  Probe  
  94  7:00  Robotics Facility  
  99  7:02  Sentry, Zealot x2  
  99  7:04  Probe, Assimilator  
  99  7:07  Charge  
  106  7:15  Probe  
  107  7:19  Pylon  
  107  7:21  Probe, Pylon  
  107  7:22  Probe  
  109  7:23  Assimilator  
  109  7:26  Adept x3  
  109  7:27  Probe  
  116  7:30  Warp Prism (Chrono Boost)  
  116  7:34  Pylon  
  116  7:35  Sentry x3  
  124  7:37  Pylon  
  124  7:42  Templar Archives  
  124  7:45  Shield Battery  
  124  7:49  Immortal (Chrono Boost)  
  128  8:01  Observer (Chrono Boost), Zealot x4  
  128  8:02  Zealot x2  
  141  8:09  Shield Battery  
  141  8:10  Shield Battery  
  141  8:17  Immortal (Chrono Boost)  
  141  8:19  Immortal (Chrono Boost)  
  145  8:22  Sentry  
  145  8:23  Sentry x2  
  153  8:36  Pylon  
  153  8:39  Pylon  
  149  8:45  Immortal (Chrono Boost)  
  128  8:57  Zealot  
  128  8:58  Zealot x3  
  125  9:13  Zealot  
Tags
 
Add a new tag
Caveats
  • Supply blocks, unpowered buildings, or Contaminate may cause inaccurate times.
  • Supply counts are checked every 10 seconds.